 Dungeon Crawl Stone Soup version 0.28-a0-984-g3775c66 (webtiles) character file.

Game seed: 4046348504209832827

30 Dorkslayer the Skirmisher (level 3, -9/33 HPs)
             Began as a Hill Orc Fighter on Dec 3, 2021.
             Mangled by a gnoll (10 damage)
             ... on level 2 of the Dungeon.
             The game lasted 00:01:47 (630 turns).

Dorkslayer the Skirmisher (Hill Orc Fighter)         Turns: 630, Time: 00:01:48

Health: -9/33      AC:  6    Str: 20    XL:     3   Next: 20%
Magic:  3/3        EV:  9    Int:  8    God:
Gold:   72         SH:  4    Dex: 10    Spells: 2/2 levels left

rFire   . . .      SeeInvis .   a - +0 war axe
rCold   . . .      Faith    .   c - +0 buckler
rNeg    . . .      Spirit   .   b - +0 scale mail
rPois   .          Reflect  .   (no helmet)
rElec   .          Harm     .   (no cloak)
rCorr   .          Rampage  .   (no gloves)
Will    +....                   (no boots)
Stlth   ..........              (no amulet)
HPRegen 0.11/turn               f - ring of willpower
MPRegen 0.08/turn               (no ring)

@: mighty, silenced
A: no striking features
a: no special abilities


You were on level 2 of the Dungeon.
You visited 1 branch of the dungeon, and saw 2 of its levels.

You collected 72 gold pieces.

Inventory:

Hand Weapons
 a - a +0 war axe (weapon)
Armour
 b - a +0 scale mail (worn)
 c - a +0 buckler (worn)
Jewellery
 f - a ring of willpower (left hand)
Scrolls
 h - a scroll of enchant weapon {unknown}
Potions
 g - 2 potions of cancellation {unknown}


   Skills:
 + Level 4.1 Fighting
 + Level 3.3 Axes
 + Level 3.6 Armour
 + Level 3.5 Shields


You had 2 spell levels left.
You didn't know any spells.
Your spell library contained the following spells:

 Spells                   Type           Power      Damage    Failure   Level
 Sandblast                Erth           0%         2d4       78%         1
 Passwall                 Tmut/Erth      0%         N/A       89%         2
 Stone Arrow              Conj/Erth      0%         3d7       98%         3


Dungeon Overview and Level Annotations

Branches:
Dungeon (2/15)

Altars:

Shops:
D:1 (


Message History

A gnoll comes into view. It is wielding a +0 club.
Magic scrolls do not work when you're silenced!
A gnoll comes into view. It is wielding a +0 flail.
You feel very mighty all of a sudden.
A rat comes into view.
The gnoll hits you from afar with a +0 spear.
Found 11 gold pieces.
The gnoll hits you with a +0 whip. You block the gnoll's attack.
You closely miss the gnoll. You slash the gnoll! The gnoll barely misses you.
The gnoll hits you with a +0 spear. The gnoll hits you with a +0 whip.
You closely miss the gnoll. x2; The gnoll hits you but does no damage. x2
You closely miss the gnoll. You hit the gnoll. You slash the gnoll!
You kill the gnoll!
A bat comes into view.
The gnoll closely misses you. The gnoll barely misses you. x3
You block the gnoll's attack.
The bat moves out of view.
You have reached level 3!
Your experience leads to an increase in your attributes!
Increase (S)trength, (I)ntelligence, or (D)exterity?
You feel stronger. x2
You slash the gnoll!
The gnoll is heavily wounded.
You hit the gnoll. x2; The gnoll barely misses you. x2
The gnoll hits you with a +0 spear.
An adder skeleton comes into view.
You hit the gnoll.
The gnoll is almost dead.
You completely miss the gnoll. You barely miss the gnoll.
The gnoll closely misses you. The gnoll hits you with a +0 spear.
You block the gnoll's attack.
You barely miss the gnoll.
The gnoll is almost dead.
You hit the gnoll. You slash the gnoll!
You kill the gnoll!
The gnoll hits you with a +0 flail!
* * * LOW HITPOINT WARNING * * *
The gnoll hits you with a +0 spear.
* * * LOW HITPOINT WARNING * * *
The gnoll hits you with a +0 flail!
You die...

### #... .....
###....
...######....#
#.....<..##.#
...#####.....#
#...@.#.#
#..rgg#
$........Z.
####.........
#......##.#
###.##.# ..
... .. . #.
.##


You could see 2 gnolls, a rat and an adder skeleton.

Vanquished Creatures
  2 gnolls (D:2)
  3 dart slugs (D:1)
  A bat (D:1)
  An endoplasm (D:1)
  A goblin (D:1)
  2 hobgoblins (D:1)
  A kobold (D:1)
  A ball python (D:1)
  6 rats (D:1)
18 creatures vanquished.

Notes
Turn   | Place    | Note
-------+----------+-------------------------------------------
     0 | D:1      | Dorkslayer the Hill Orc Fighter began the quest for the
                  | Orb.
     0 | D:1      | Reached XP level 1. HP: 19/19 MP: 1/1
    64 | D:1      | Found Rount's Weapon Emporium.
   174 | D:1      | Reached XP level 2. HP: 21/27 MP: 2/2
   254 | D:1      | Reached skill level 4 in Fighting
   628 | D:2      | Reached XP level 3. HP: 15/33 MP: 3/3
   630 | D:2      | HP: 1/33 [gnoll (1)]
   630 | D:2      | Mangled by a gnoll

Illustrated notes

Levels and vault maps discovered:
D:1:      scummos_arrival_simple_crosswalls, layout_basic, serial_shops,
          nicolae_shop_bloodbath_and_beyond, nicolae_figureground_sparkle
D:2:      layout_loops_ring, minmay_hexomino_p4, uniq_terence

Skill      XL: |  1  2 |
---------------+-------+-----
Axes           | 3 |  3.3
Fighting       | 4 |  4.1
Armour         | |  3.6
Shields        | |  3.5

Action                   || total
-------------------------++-------
Melee: War axe           ||    40
  Use: Scroll            ||     1
       Potion            ||     1
Armor: Scale mail        ||    14
Dodge: Dodged            ||    23
Block: Buckler           ||    10

Table legend: (Time is in decaauts)
 A = Elapsed time spent in this place.
 B = Non-inter-level travel time spent in this place.
 C = Inter-level travel time spent in this place.
 D = Time resting spent in this place.
 E = Time spent auto-exploring this place.
 F = Levels seen in this place.
 G = Mean time per level.
                   A        B        C        D        E       F      G
               +--------+--------+--------+--------+--------+-----+--------+
         Total |    642 |    642 |      0 |     48 |    281 |   2 |  321.0 |
       Dungeon |    642 |    642 |      0 |     48 |    281 |   2 |  321.0 |
               +--------+--------+--------+--------+--------+-----+--------+

Top non-repeatable levels by time:
     D:1: 630 daAuts
     D:2: 11 daAuts
